Boston Bruins vs Minnesota North Stars
Created - Thursday, October 24, 2024 at 08:06
Goals
|
| Boston Bruins |
1 |
1 |
2 |
4 |
| Minnesota North Stars |
0 |
1 |
1 |
2 |
|
Shots
|
| Boston Bruins |
14 |
13 |
11 |
38 |
| Minnesota North Stars |
11 |
8 |
17 |
36 |
|
1st period
1. Boston Bruins , Ryan Strome 22 (John Ludvig 4, Michael Rasmussen 16) at 12:10
Penalties :
Neal Pionk (MNS) for Tripping (Minor) at 2:16
2nd period
2. Minnesota North Stars , Lawson Crouse 9 (Evgeni Malkin 22) at 6:23 (SH)
3. Boston Bruins , Angus Crookshank 8 (Anthony Beauvillier 13, Alex Vlasic 15) at 13:06
Penalties :
Stuart Skinner (MNS) for Slashing (Minor) at 5:42 - Neal Pionk served the penalty, Lawson Crouse (MNS) for Tripping (Minor) at 18:42
3rd period
4. Boston Bruins , Morgan Geekie 14 (Ryan Strome 21, Michael Rasmussen 17) at 4:51
5. Minnesota North Stars , Jack Hughes 18 (Ryan Nugent-Hopkins 20, Rasmus Dahlin 9) at 16:30 (PP)
6. Boston Bruins , Joel Farabee 19 (Anders Lee 14, Alex Vlasic 16) at 19:54 (Empty Net)
Penalties :
Yegor Sharangovich (MNS) for Hooking (Minor) at 8:41, Lawson Crouse (MNS) for Roughing (Minor) at 9:03, John Ludvig (BOS) for Tripping (Minor) at 12:35, John Ludvig (BOS) for Delaying the game (Minor) at 15:39
Goalie Stats
Olivier Rodrigue (BOS), 15 saves from 16 shots - (0.938), 27:58 minutes
Pyotr Kochetkov (BOS), 19 saves from 20 shots - (0.950), W, 20-6-4, 32:02 minutes
Stuart Skinner (MNS), 34 saves from 37 shots - (0.919), L, 11-15-2, 58:42 minutes
Players Stats for Boston Bruins
Player Name G A P +/- PIM S H SB GA TA FO MP PP MP PK MP
------------------------------------------------------------------------------------
Aatu Raty 0 0 0 1 0 0 1 2 0 0 1/2 8:16 0:00 0:00
Alex Newhook 0 0 0 1 0 5 1 0 0 0 13/25 20:17 3:28 1:25
Alex Vlasic 0 2 2 2 0 2 3 2 0 4 0/0 22:49 4:08 1:15
Anders Lee 0 1 1 1 0 3 2 0 0 0 0/1 20:27 3:28 1:13
Angus Crookshank 1 0 1 1 0 2 0 0 0 0 0/0 8:16 0:00 0:00
Anthony Beauvillier 0 1 1 1 0 1 0 0 0 0 0/0 8:16 0:00 0:00
Cam York 0 0 0 2 0 0 1 2 0 0 0/0 24:18 4:08 1:50
Drew O'Connor 0 0 0 0 0 1 0 1 0 0 0/0 12:20 0:00 0:19
Jack Studnicka 0 0 0 0 0 0 2 0 0 0 1/6 12:01 0:00 0:00
Joel Farabee 1 0 1 1 0 6 2 0 0 0 1/4 20:17 3:28 1:25
John Ludvig 0 1 1 1 4 1 2 1 0 0 0/0 14:42 0:00 0:00
John-Jason Peterka 0 0 0 0 0 3 1 0 0 0 0/1 12:01 0:00 0:00
Michael Kesselring 0 0 0 1 0 0 1 0 0 1 0/0 19:13 4:10 0:00
Michael Rasmussen 0 2 2 1 0 2 2 0 0 0 2/2 17:48 4:50 0:09
Morgan Geekie 1 0 1 1 0 6 0 0 2 2 1/1 17:39 4:50 0:00
Nick Perbix 0 0 0 0 0 2 0 2 0 0 0/0 22:02 4:10 1:42
Ryan Strome 1 1 2 1 0 3 2 0 1 0 9/25 19:10 4:50 1:09
Tyson Barrie 0 0 0 0 0 1 0 1 0 0 0/0 17:16 0:00 0:53
Players Stats for Minnesota North Stars
Player Name G A P +/- PIM S H SB GA TA FO MP PP MP PK MP
------------------------------------------------------------------------------------
Brandon Montour 0 0 0 -1 0 0 2 0 0 0 0/0 19:56 1:12 4:08
Brock Nelson 0 0 0 0 0 2 0 0 0 0 1/2 14:36 1:11 0:00
Dylan DeMelo 0 0 0 -1 0 1 1 2 0 0 0/0 13:08 0:00 0:00
Evan Rodrigues 0 0 0 -1 0 1 1 0 0 1 1/2 6:23 0:00 0:00
Evgeni Malkin 0 1 1 0 0 2 1 0 0 0 2/6 17:24 0:00 3:38
Frank Vatrano 0 0 0 -2 0 2 3 1 1 0 1/1 16:12 1:39 0:00
Gustav Forsling 0 0 0 -1 0 1 0 2 0 0 0/0 21:47 1:38 4:10
Jack Hughes 1 0 1 -1 0 4 1 1 0 0 9/17 15:02 1:39 0:00
Jeff Skinner 0 0 0 -1 0 1 0 0 2 0 0/0 8:12 0:00 1:13
Lawson Crouse 1 0 1 1 4 5 2 2 1 0 0/0 16:19 0:00 2:14
Neal Pionk 0 0 0 -1 2 2 1 2 0 0 0/0 23:28 1:12 2:28
Rasmus Dahlin 0 1 1 -1 0 1 1 2 2 1 0/0 27:13 1:38 4:19
Ryan Nugent-Hopkins 0 1 1 -1 0 1 3 0 0 0 12/19 19:03 1:39 3:32
Samuel Girard 0 0 0 -1 0 1 1 1 0 1 0/0 14:56 0:00 1:31
Valeri Nichushkin 0 0 0 -2 0 4 2 0 1 0 1/1 15:46 1:11 0:00
Viktor Arvidsson 0 0 0 -1 0 1 2 0 0 0 0/0 6:23 0:00 0:00
William Karlsson 0 0 0 -1 0 6 1 0 0 0 12/19 19:52 1:11 4:03
Yegor Sharangovich 0 0 0 -1 2 1 0 0 0 0 0/0 14:21 0:00 0:18
3 Stars
1 - Ryan Strome (BOS)
2 - Alex Vlasic (BOS)
3 - Michael Rasmussen (BOS)
Power Play
Boston Bruins - 0 on 5 Attempt(s) - 0.00%
Minnesota North Stars - 1 on 2 Attempt(s) - 50.00%
Penalty Kill
Boston Bruins - 1 on 2 Attempt(s) - 50.00%
- Score 0 goal in Penalty Kill
Minnesota North Stars - 5 on 5 Attempt(s) - 100.00%
- Score 1 goal in Penalty Kill
Team Stat
Boston Bruins - Hits : 20 - Faceoff Wins : 28 - Blocked Shots : 11 - Penalty Minutes : 4
Minnesota North Stars - Hits : 22 - Faceoff Wins : 39 - Blocked Shots : 13 - Penalty Minutes : 10
Official
Referees : Dan O'Rourke and Justin Kea
Linesman : Tyson Baker and Ryan Gibbons
Game Notes
Olivier Rodrigue is injured at 7:58 of 2nd period (Sprained Left Ankle)
Pyotr Kochetkov enters game at 7:58 of 2nd period
Joel Farabee has scored in a empty net!
Finance
Level 1 -- Attendance: 5040 (84.00%) -- Ticket Income $504,000
Level 2 -- Attendance: 4040 (80.80%) -- Ticket Income $242,400
Level 3 -- Attendance: 2076 (69.20%) -- Ticket Income $72,660
Level 4 -- Attendance: 3454 (69.08%) -- Ticket Income $86,350
Luxury Box -- Attendance: 721 (72.10%) -- Ticket Income $144,200
Game was played at the Met Center.
Total Attendance: 15331 (76.66%)
Total Ticket Income: $1,049,610
Other Income: $367,364
Total Income: $1,416,974
Boston Bruins
5 vs 5 Forward
Center Left Wing Right Wing Time % Phy DF OF
1 Alex Newhook Anders Lee Joel Farabee 30 1 2 2
2 Ryan Strome Michael Rasmussen Morgan Geekie 30 1 2 2
3 Jack Studnicka Drew O'Connor John-Jason Peterka 25 1 2 2
4 Aatu Raty Angus Crookshank Anthony Beauvillier 15 1 2 2
5 vs 5 Defense
Defense Defense Time % Phy DF OF
1 Cam York Alex Vlasic 35 1 2 2
2 Nick Perbix Tyson Barrie 35 1 2 2
3 Michael Kesselring John Ludvig 30 1 2 2
4 Cam York Alex Vlasic 0 1 2 2
PowerPlay Forward
Center Left Wing Right Wing Time % Phy DF OF
1 Alex Newhook Anders Lee Joel Farabee 50 1 2 2
2 Ryan Strome Michael Rasmussen Morgan Geekie 50 1 2 2
PowerPlay Defense
Defense Defense Time % Phy DF OF
1 Cam York Alex Vlasic 50 1 2 2
2 Nick Perbix Michael Kesselring 50 1 2 2
Penalty Kill 4 Players Forward
Center Wing Time % Phy DF OF
1 Alex Newhook Joel Farabee 50 1 2 2
2 Ryan Strome Anders Lee 50 1 2 2
Penalty Kill 4 Players Defense
Defense Defense Time % Phy DF OF
1 Cam York Alex Vlasic 50 1 2 2
2 Nick Perbix John Ludvig 50 1 2 2
Penalty Kill - 3 Players Forward
Forward Time % Phy DF OF
1 Alex Newhook 50 1 2 2
2 Joel Farabee 50 1 2 2
Penalty Kill - 3 Players Defense
Defense Defense Time % Phy DF OF
1 Cam York Alex Vlasic 50 1 2 2
2 Nick Perbix John Ludvig 50 1 2 2
4 vs 4 Forward
Center Wing Time % Phy DF OF
1 Alex Newhook Joel Farabee 50 1 2 2
2 Ryan Strome Anders Lee 50 1 2 2
4 vs 4 Defense
Defense Defense Time % Phy DF OF
1 Cam York Alex Vlasic 50 1 2 2
2 Nick Perbix Michael Kesselring 50 1 2 2
Last Minutes Offensive
Center Left Wing Right Wing Defense Defense
Alex Newhook Anders Lee Joel Farabee Cam York Alex Vlasic
Last Minutes Defensive
Center Left Wing Right Wing Defense Defense
Alex Newhook Anders Lee Joel Farabee Cam York Alex Vlasic
Goaltenders
Starting : Olivier Rodrigue
Backup : Pyotr Kochetkov
Extra Forwards
Normal : Angus Crookshank, John-Jason Peterka, Drew O'Connor - PP : Angus Crookshank, John-Jason Peterka - PK : Drew O'Connor
Extra Defensemen
Normal : Michael Kesselring, John Ludvig, Nick Perbix - PP : Michael Kesselring - PK : John Ludvig, Nick Perbix
Penalty Shots
Alex Newhook, Joel Farabee, Ryan Strome, Anders Lee, Michael Rasmussen
Scratches
Matt Grzelcyk (Healthy), Fabian Lysell (Healthy), Beck Malenstyn (Healthy), Samuel Bolduc (Healthy), Jacob Moverare (Healthy)
Minnesota North Stars
5 vs 5 Forward
Center Left Wing Right Wing Time % Phy DF OF
1 Jack Hughes Valeri Nichushkin Frank Vatrano 30 1 1 3
2 William Karlsson Brock Nelson Lawson Crouse 30 1 1 3
3 Ryan Nugent-Hopkins Yegor Sharangovich Evgeni Malkin 30 1 1 3
4 Evan Rodrigues Viktor Arvidsson Jeff Skinner 10 1 1 3
5 vs 5 Defense
Defense Defense Time % Phy DF OF
1 Rasmus Dahlin Neal Pionk 30 1 3 1
2 Gustav Forsling Brandon Montour 30 1 3 1
3 Dylan DeMelo Samuel Girard 25 1 3 1
4 Rasmus Dahlin Neal Pionk 15 1 3 1
PowerPlay Forward
Center Left Wing Right Wing Time % Phy DF OF
1 Ryan Nugent-Hopkins Jack Hughes Frank Vatrano 50 1 0 4
2 William Karlsson Brock Nelson Valeri Nichushkin 50 1 0 4
PowerPlay Defense
Defense Defense Time % Phy DF OF
1 Rasmus Dahlin Gustav Forsling 50 1 2 2
2 Neal Pionk Brandon Montour 50 1 2 2
Penalty Kill 4 Players Forward
Center Wing Time % Phy DF OF
1 William Karlsson Ryan Nugent-Hopkins 50 1 3 1
2 Evgeni Malkin Lawson Crouse 50 1 3 1
Penalty Kill 4 Players Defense
Defense Defense Time % Phy DF OF
1 Rasmus Dahlin Gustav Forsling 50 1 3 1
2 Neal Pionk Brandon Montour 50 1 3 1
Penalty Kill - 3 Players Forward
Forward Time % Phy DF OF
1 Ryan Nugent-Hopkins 50 1 3 1
2 William Karlsson 50 1 3 1
Penalty Kill - 3 Players Defense
Defense Defense Time % Phy DF OF
1 Rasmus Dahlin Gustav Forsling 50 1 3 1
2 Neal Pionk Brandon Montour 50 1 3 1
4 vs 4 Forward
Center Wing Time % Phy DF OF
1 Ryan Nugent-Hopkins Valeri Nichushkin 50 1 1 3
2 Evgeni Malkin Frank Vatrano 50 1 1 3
4 vs 4 Defense
Defense Defense Time % Phy DF OF
1 Rasmus Dahlin Gustav Forsling 50 1 3 1
2 Neal Pionk Brandon Montour 50 1 3 1
Last Minutes Offensive
Center Left Wing Right Wing Defense Defense
William Karlsson Valeri Nichushkin Frank Vatrano Rasmus Dahlin Gustav Forsling
Last Minutes Defensive
Center Left Wing Right Wing Defense Defense
William Karlsson Valeri Nichushkin Frank Vatrano Rasmus Dahlin Gustav Forsling
Goaltenders
Starting : Stuart Skinner
Backup : Charlie Lindgren
Extra Forwards
Normal : Ryan Nugent-Hopkins, Yegor Sharangovich, Jeff Skinner - PP : Ryan Nugent-Hopkins, Yegor Sharangovich - PK : Jeff Skinner
Extra Defensemen
Normal : Dylan DeMelo, Samuel Girard, Neal Pionk - PP : Dylan DeMelo - PK : Samuel Girard, Neal Pionk
Penalty Shots
Valeri Nichushkin, William Karlsson, Evgeni Malkin, Jack Hughes, Brock Nelson
Scratches
William Eklund (Healthy), Santtu Kinnunen (Healthy), Eeli Tolvanen (Healthy), Roni Hirvonen (Healthy), Oskari Salminen (Healthy)
% Time on Ice - Boston Bruins
Lines # - Real PCT - Wanted PCT - Time Play
Normal Forward
1 - 30% - 30% - 14:14
2 - 28% - 30% - 13:11
3 - 25% - 25% - 12:01
4 - 17% - 15% - 8:16
Normal Defense
1 - 34% - 35% - 16:16
2 - 36% - 35% - 17:04
3 - 30% - 30% - 14:22
4 - 0% - 0% - 0:00
PP Forward
1 - 42% - 50% - 3:28
2 - 58% - 50% - 4:50
PP Defense
1 - 50% - 50% - 4:08
2 - 50% - 50% - 4:10
PK Forward
1 - 50% - 50% - 1:25
2 - 50% - 50% - 1:25
PK Defense
1 - 29% - 50% - 0:50
2 - 71% - 50% - 2:00
PK3 Forward
1 - 0% - 50%
2 - 0% - 50%
PK3 Defense
1 - 0% - 50%
2 - 0% - 50%
44 Forward
1 - 0% - 50%
2 - 0% - 50%
44 Defense
1 - 0% - 50%
2 - 0% - 50%
Last Minute Offensive - 0:00
Last Minute Defensive - 1:10
Total
Forward - 60:00
Defense - 60:00
|
% Time on Ice - Minnesota North Stars
Lines # - Real PCT - Wanted PCT - Time Play
Normal Forward
1 - 29% - 30% - 13:56
2 - 29% - 30% - 14:01
3 - 28% - 30% - 13:22
4 - 13% - 10% - 6:23
Normal Defense
1 - 31% - 30% - 14:35
2 - 31% - 30% - 14:36
3 - 28% - 25% - 13:08
4 - 11% - 15% - 5:23
PP Forward
1 - 58% - 50% - 1:39
2 - 42% - 50% - 1:11
PP Defense
1 - 58% - 50% - 1:38
2 - 42% - 50% - 1:12
PK Forward
1 - 44% - 50% - 2:55
2 - 56% - 50% - 3:46
PK Defense
1 - 47% - 50% - 3:07
2 - 53% - 50% - 3:34
PK3 Forward
1 - 38% - 50% - 0:37
2 - 62% - 50% - 1:00
PK3 Defense
1 - 65% - 50% - 1:03
2 - 35% - 50% - 0:34
44 Forward
1 - 0% - 50%
2 - 0% - 50%
44 Defense
1 - 0% - 50%
2 - 0% - 50%
Last Minute Offensive - 1:10
Last Minute Defensive - 0:00
Total
Forward - 60:00
Defense - 60:00
|
Play-by-Play
1st period
0:01 of 1st period - Alex Newhook wins face-off versus Jack Hughes in neutral zone.
0:04 of 1st period - Wrist shot by Joel Farabee.
0:04 of 1st period - Shot Blocked by Rasmus Dahlin.
0:08 of 1st period - Snap shot by Alex Newhook.
0:08 of 1st period - Deflect By Anders Lee.
0:08 of 1st period - Stopped by Stuart Skinner with a rebound.
0:10 of 1st period - Wrist shot by Anders Lee.
0:10 of 1st period - Stopped by Stuart Skinner without a rebound.
0:11 of 1st period - Ryan Strome wins face-off versus Brock Nelson in Minnesota North Stars zone.
0:16 of 1st period - Wrist shot by Morgan Geekie.
0:16 of 1st period - Shot Blocked by Lawson Crouse.
0:18 of 1st period - Snap shot by Michael Rasmussen.
0:18 of 1st period - Deflect By Morgan Geekie.
0:18 of 1st period - Stopped by Stuart Skinner with a rebound.
0:36 of 1st period - Brandon Montour is hit by Jack Studnicka and loses puck.
1:22 of 1st period - Dylan DeMelo is hit by John Ludvig.
1:34 of 1st period - Slapshot by Joel Farabee.
1:34 of 1st period - Stopped by Stuart Skinner without a rebound.
1:35 of 1st period - William Karlsson wins face-off versus Ryan Strome in Minnesota North Stars zone.
1:48 of 1st period - Snap shot by William Karlsson.
1:48 of 1st period - Stopped by Olivier Rodrigue with a rebound.
1:50 of 1st period - Backhand shot by Neal Pionk.
1:50 of 1st period - Deflect By Cam York.
1:50 of 1st period - Stopped by Olivier Rodrigue with a rebound.
2:16 of 1st period - Minor Penalty to Neal Pionk for Tripping.
2:17 of 1st period - Alex Newhook wins face-off versus William Karlsson in Minnesota North Stars zone.
2:18 of 1st period - Wrist shot by Joel Farabee.
2:18 of 1st period - Stopped by Stuart Skinner with a rebound.
2:20 of 1st period - Slapshot by Michael Kesselring.
2:20 of 1st period - Shot Misses the Net.
2:22 of 1st period - Slapshot by Nick Perbix.
2:22 of 1st period - Stopped by Stuart Skinner with a rebound.
2:24 of 1st period - Slapshot by Alex Newhook.
2:24 of 1st period - Shot Misses the Net.
2:26 of 1st period - Slapshot by Nick Perbix.
2:26 of 1st period - Shot Misses the Net.
2:28 of 1st period - Slapshot by Michael Kesselring.
2:28 of 1st period - Deflect By Joel Farabee.
2:28 of 1st period - Shot Misses the Net.
2:28 of 1st period - Puck is out of play.
2:29 of 1st period - Ryan Strome wins face-off versus Evgeni Malkin in Minnesota North Stars zone.
2:42 of 1st period - Wrist shot by Ryan Strome.
2:42 of 1st period - Shot Misses the Net.
2:44 of 1st period - Slapshot by Morgan Geekie.
2:44 of 1st period - Shot Misses the Net.
3:22 of 1st period - Nick Perbix is hit by Lawson Crouse and loses puck.
4:16 of 1st period - Penalty to Neal Pionk is over, Neal Pionk is back on ice.
4:47 of 1st period - Jack Studnicka is hit by Samuel Girard and loses puck.
5:06 of 1st period - Michael Rasmussen is hit by Evan Rodrigues and loses puck.
5:19 of 1st period - Morgan Geekie is hit by Viktor Arvidsson and loses puck.
5:50 of 1st period - Wrist shot by Brock Nelson.
5:50 of 1st period - Shot Misses the Net.
6:14 of 1st period - Wrist shot by Joel Farabee.
6:14 of 1st period - Stopped by Stuart Skinner without a rebound.
6:15 of 1st period - Jack Hughes wins face-off versus Alex Newhook in Minnesota North Stars zone.
7:22 of 1st period - Slapshot by William Karlsson.
7:22 of 1st period - Shot Misses the Net.
7:24 of 1st period - Slapshot by Rasmus Dahlin.
7:24 of 1st period - Shot Misses the Net.
7:26 of 1st period - Snap shot by Lawson Crouse.
7:26 of 1st period - Deflect By William Karlsson.
7:26 of 1st period - Shot Blocked by Aatu Raty.
7:26 of 1st period - Puck is out of play.
7:27 of 1st period - William Karlsson wins face-off versus Joel Farabee in Boston Bruins zone.
7:30 of 1st period - Wrist shot by William Karlsson.
7:30 of 1st period - Shot Misses the Net.
7:32 of 1st period - Snap shot by Dylan DeMelo.
7:32 of 1st period - Stopped by Olivier Rodrigue with a rebound.
7:34 of 1st period - Wrist shot by Brock Nelson.
7:34 of 1st period - Stopped by Olivier Rodrigue with a rebound.
7:36 of 1st period - Slapshot by Samuel Girard.
7:36 of 1st period - Stopped by Olivier Rodrigue without a rebound.
7:37 of 1st period - Ryan Nugent-Hopkins wins face-off versus Alex Newhook in Boston Bruins zone.
8:03 of 1st period - Snap shot by Michael Rasmussen.
8:03 of 1st period - Shot Misses the Net.
8:07 of 1st period - Wrist shot by Ryan Strome.
8:07 of 1st period - Shot Blocked by Lawson Crouse.
8:43 of 1st period - Samuel Girard is hit by Alex Vlasic and loses puck.
9:10 of 1st period - Snap shot by Evgeni Malkin.
9:10 of 1st period - Stopped by Olivier Rodrigue without a rebound.
9:11 of 1st period - Morgan Geekie wins face-off versus Ryan Nugent-Hopkins in Boston Bruins zone.
9:11 of 1st period - Morgan Geekie is hit by Ryan Nugent-Hopkins.
9:19 of 1st period - Snap shot by Morgan Geekie.
9:19 of 1st period - Stopped by Stuart Skinner without a rebound.
9:20 of 1st period - Ryan Nugent-Hopkins wins face-off versus Ryan Strome in Minnesota North Stars zone.
9:37 of 1st period - Wrist shot by Morgan Geekie.
9:37 of 1st period - Shot Hit the Post.
10:09 of 1st period - Slapshot by Morgan Geekie.
10:09 of 1st period - Deflect By Neal Pionk.
10:09 of 1st period - Shot Blocked by Neal Pionk.
10:09 of 1st period - Puck is out of play.
10:10 of 1st period - William Karlsson wins face-off versus Alex Newhook in Minnesota North Stars zone.
10:35 of 1st period - Lawson Crouse is hit by Aatu Raty and loses puck.
10:42 of 1st period - Slapshot by Angus Crookshank.
10:42 of 1st period - Stopped by Stuart Skinner with a rebound.
10:52 of 1st period - Aatu Raty is hit by Lawson Crouse and loses puck.
11:01 of 1st period - Snap shot by Lawson Crouse.
11:01 of 1st period - Stopped by Olivier Rodrigue with a rebound.
11:03 of 1st period - Slapshot by Gustav Forsling.
11:03 of 1st period - Stopped by Olivier Rodrigue with a rebound.
11:13 of 1st period - Snap shot by William Karlsson.
11:13 of 1st period - Stopped by Olivier Rodrigue without a rebound.
11:14 of 1st period - Alex Newhook wins face-off versus Jack Hughes in Boston Bruins zone.
11:14 of 1st period - Alex Newhook is hit by Frank Vatrano.
11:40 of 1st period - Jack Studnicka is hit by Ryan Nugent-Hopkins and loses puck.
11:58 of 1st period - Icing by Rasmus Dahlin.
11:59 of 1st period - Evan Rodrigues wins face-off versus Ryan Strome in Minnesota North Stars zone.
12:08 of 1st period - Snap shot by Michael Rasmussen.
12:08 of 1st period - Stopped by Stuart Skinner with a rebound.
12:10 of 1st period - Slapshot by John Ludvig.
12:10 of 1st period - Deflect By Ryan Strome.
12:10 of 1st period - Goal by Ryan Strome - Boston Bruins : 1 - Minnesota North Stars : 0.
12:11 of 1st period - William Karlsson wins face-off versus Alex Newhook in neutral zone.
13:15 of 1st period - Gustav Forsling is hit by Joel Farabee and loses puck.
13:26 of 1st period - Snap shot by Yegor Sharangovich.
13:26 of 1st period - Stopped by Olivier Rodrigue with a rebound.
13:56 of 1st period - Wrist shot by Ryan Nugent-Hopkins.
13:56 of 1st period - Shot Misses the Net.
14:11 of 1st period - Wrist shot by Evgeni Malkin.
14:11 of 1st period - Shot Blocked by Nick Perbix.
14:17 of 1st period - Slapshot by Ryan Nugent-Hopkins.
14:17 of 1st period - Shot Misses the Net.
14:29 of 1st period - Wrist shot by Anthony Beauvillier.
14:29 of 1st period - Stopped by Stuart Skinner without a rebound.
14:30 of 1st period - Alex Newhook wins face-off versus William Karlsson in Minnesota North Stars zone.
15:10 of 1st period - Snap shot by William Karlsson.
15:10 of 1st period - Shot Misses the Net.
15:28 of 1st period - Wrist shot by John-Jason Peterka.
15:28 of 1st period - Stopped by Stuart Skinner with a rebound.
15:54 of 1st period - Slapshot by William Karlsson.
15:54 of 1st period - Stopped by Olivier Rodrigue without a rebound.
15:55 of 1st period - Alex Newhook wins face-off versus Jack Hughes in Boston Bruins zone.
16:03 of 1st period - Snap shot by Joel Farabee.
16:03 of 1st period - Shot Misses the Net.
16:18 of 1st period - Icing by Alex Vlasic.
16:19 of 1st period - Michael Rasmussen wins face-off versus Evan Rodrigues in Boston Bruins zone.
16:31 of 1st period - Off-side.
16:32 of 1st period - Jack Hughes wins face-off versus Alex Newhook in neutral zone.
16:48 of 1st period - Snap shot by Alex Newhook.
16:48 of 1st period - Shot Misses the Net.
17:06 of 1st period - Backhand shot by Evgeni Malkin.
17:06 of 1st period - Shot Blocked by Nick Perbix.
18:26 of 1st period - Jack Hughes is hit by Michael Rasmussen.
18:34 of 1st period - Slapshot by Valeri Nichushkin.
18:34 of 1st period - Shot Misses the Net.
18:48 of 1st period - Snap shot by John-Jason Peterka.
18:48 of 1st period - Shot Misses the Net.
19:57 of 1st period - Slapshot by Alex Newhook.
19:57 of 1st period - Stopped by Stuart Skinner without a rebound.
19:58 of 1st period - Jack Hughes wins face-off versus Ryan Strome in Minnesota North Stars zone.
Goals for this period are 1 for Boston Bruins vs 0 for Minnesota North Stars.
Shots for this period are 14 for Boston Bruins vs 11 for Minnesota North Stars.
2nd period
0:01 of 2nd period - Jack Hughes wins face-off versus Ryan Strome in neutral zone.
0:06 of 2nd period - Nick Perbix is hit by Valeri Nichushkin and loses puck.
0:32 of 2nd period - Slapshot by Brock Nelson.
0:32 of 2nd period - Stopped by Olivier Rodrigue with a rebound.
0:34 of 2nd period - Slapshot by Samuel Girard.
0:34 of 2nd period - Deflect By Brock Nelson.
0:34 of 2nd period - Shot Misses the Net.
0:34 of 2nd period - Puck is out of play.
0:35 of 2nd period - Ryan Strome wins face-off versus Ryan Nugent-Hopkins in Boston Bruins zone.
0:35 of 2nd period - Ryan Strome is hit by Dylan DeMelo.
1:01 of 2nd period - Valeri Nichushkin is hit by Alex Vlasic and loses puck.
1:06 of 2nd period - Snap shot by Joel Farabee.
1:06 of 2nd period - Stopped by Stuart Skinner without a rebound.
1:07 of 2nd period - Joel Farabee wins face-off versus Jack Hughes in Minnesota North Stars zone.
1:08 of 2nd period - Wrist shot by Alex Newhook.
1:08 of 2nd period - Stopped by Stuart Skinner without a rebound.
1:09 of 2nd period - Alex Newhook wins face-off versus Jack Hughes in Minnesota North Stars zone.
1:26 of 2nd period - Snap shot by Jack Hughes.
1:26 of 2nd period - Stopped by Olivier Rodrigue with a rebound.
1:36 of 2nd period - Snap shot by Ryan Nugent-Hopkins.
1:36 of 2nd period - Shot Misses the Net.
2:25 of 2nd period - Off-side.
2:26 of 2nd period - Ryan Strome wins face-off versus Jack Hughes in neutral zone.
3:32 of 2nd period - Snap shot by Jeff Skinner.
3:32 of 2nd period - Shot Blocked by Alex Vlasic.
3:37 of 2nd period - Off-side.
3:38 of 2nd period - Jack Hughes wins face-off versus Jack Studnicka in neutral zone.
4:25 of 2nd period - Tyson Barrie is hit by Ryan Nugent-Hopkins and loses puck.
4:50 of 2nd period - Joel Farabee is hit by Frank Vatrano and loses puck.
5:10 of 2nd period - Icing by Nick Perbix.
5:11 of 2nd period - William Karlsson wins face-off versus Alex Newhook in Boston Bruins zone.
5:28 of 2nd period - Off-side.
5:29 of 2nd period - Jack Hughes wins face-off versus Ryan Strome in neutral zone.
5:42 of 2nd period - Wrist shot by Morgan Geekie.
5:42 of 2nd period - Stopped by Stuart Skinner without a rebound.
5:42 of 2nd period - Minor Penalty to Stuart Skinner for Slashing.
5:43 of 2nd period - Ryan Strome wins face-off versus Evgeni Malkin in Minnesota North Stars zone.
5:50 of 2nd period - Backhand shot by Ryan Strome.
5:50 of 2nd period - Shot Misses the Net.
5:52 of 2nd period - Slapshot by Alex Vlasic.
5:52 of 2nd period - Stopped by Stuart Skinner without a rebound.
5:53 of 2nd period - Evgeni Malkin wins face-off versus Ryan Strome in Minnesota North Stars zone.
6:23 of 2nd period - Backhand shot by Lawson Crouse.
6:23 of 2nd period - Goal by Lawson Crouse - Boston Bruins : 1 - Minnesota North Stars : 1.
6:24 of 2nd period - William Karlsson wins face-off versus Joel Farabee in neutral zone.
6:33 of 2nd period - Snap shot by Joel Farabee.
6:33 of 2nd period - Deflect By Anders Lee.
6:33 of 2nd period - Stopped by Stuart Skinner with a rebound.
6:35 of 2nd period - Slapshot by Nick Perbix.
6:35 of 2nd period - Shot Blocked by Samuel Girard.
6:37 of 2nd period - Slapshot by Joel Farabee.
6:37 of 2nd period - Shot Misses the Net.
6:49 of 2nd period - Snap shot by Morgan Geekie.
6:49 of 2nd period - Stopped by Stuart Skinner without a rebound.
6:50 of 2nd period - Ryan Strome wins face-off versus Evgeni Malkin in Minnesota North Stars zone.
6:51 of 2nd period - Snap shot by Morgan Geekie.
6:51 of 2nd period - Stopped by Stuart Skinner with a rebound.
7:19 of 2nd period - Ryan Nugent-Hopkins is hit by Anders Lee and loses puck.
7:42 of 2nd period - Penalty to Neal Pionk is over, Neal Pionk is back on ice.
7:56 of 2nd period - Slapshot by Jack Hughes.
7:56 of 2nd period - Stopped by Olivier Rodrigue with a rebound.
7:58 of 2nd period - Wrist shot by Frank Vatrano.
7:58 of 2nd period - Stopped by Olivier Rodrigue with a rebound.
7:58 of 2nd period - Olivier Rodrigue from Boston Bruins is injured at 7:58 of 2nd period (Sprained Left Ankle).
7:58 of 2nd period - Pyotr Kochetkov enters game.
7:59 of 2nd period - Ryan Nugent-Hopkins wins face-off versus Ryan Strome in Boston Bruins zone.
10:26 of 2nd period - Wrist shot by Jeff Skinner.
10:26 of 2nd period - Shot Misses the Net.
10:58 of 2nd period - Slapshot by William Karlsson.
10:58 of 2nd period - Shot Blocked by John Ludvig.
11:06 of 2nd period - Jack Hughes is hit by John Ludvig and loses puck.
11:15 of 2nd period - Snap shot by John-Jason Peterka.
11:15 of 2nd period - Stopped by Stuart Skinner with a rebound.
11:17 of 2nd period - Slapshot by John Ludvig.
11:17 of 2nd period - Stopped by Stuart Skinner without a rebound.
11:18 of 2nd period - William Karlsson wins face-off versus Ryan Strome in Minnesota North Stars zone.
11:44 of 2nd period - Alex Newhook is hit by Valeri Nichushkin and loses puck.
11:51 of 2nd period - Slapshot by Joel Farabee.
11:51 of 2nd period - Shot Misses the Net.
12:52 of 2nd period - Slapshot by Ryan Strome.
12:52 of 2nd period - Shot Misses the Net.
13:06 of 2nd period - Snap shot by Angus Crookshank.
13:06 of 2nd period - Goal by Angus Crookshank - Boston Bruins : 2 - Minnesota North Stars : 1.
13:07 of 2nd period - Ryan Nugent-Hopkins wins face-off versus Ryan Strome in neutral zone.
13:20 of 2nd period - Snap shot by Evgeni Malkin.
13:20 of 2nd period - Stopped by Pyotr Kochetkov with a rebound.
14:55 of 2nd period - Joel Farabee is hit by Brandon Montour and loses puck.
15:30 of 2nd period - Alex Vlasic is hit by Brandon Montour and loses puck.
15:43 of 2nd period - Drew O'Connor is hit by Viktor Arvidsson and loses puck.
16:25 of 2nd period - Michael Kesselring is hit by Frank Vatrano and loses puck.
16:32 of 2nd period - Jack Hughes is hit by Alex Newhook and loses puck.
16:37 of 2nd period - Wrist shot by Alex Newhook.
16:37 of 2nd period - Stopped by Stuart Skinner without a rebound.
16:38 of 2nd period - Ryan Strome wins face-off versus Ryan Nugent-Hopkins in Minnesota North Stars zone.
16:49 of 2nd period - Gustav Forsling is hit by Ryan Strome and loses puck.
17:20 of 2nd period - Brock Nelson is hit by John-Jason Peterka and loses puck.
17:55 of 2nd period - Snap shot by Alex Newhook.
17:55 of 2nd period - Shot Misses the Net.
17:57 of 2nd period - Snap shot by Alex Newhook.
17:57 of 2nd period - Shot Misses the Net.
18:03 of 2nd period - Snap shot by Alex Newhook.
18:03 of 2nd period - Shot Misses the Net.
18:20 of 2nd period - Snap shot by Evan Rodrigues.
18:20 of 2nd period - Stopped by Pyotr Kochetkov without a rebound.
18:21 of 2nd period - William Karlsson wins face-off versus Ryan Strome in Boston Bruins zone.
18:22 of 2nd period - Snap shot by Lawson Crouse.
18:22 of 2nd period - Stopped by Pyotr Kochetkov with a rebound.
18:28 of 2nd period - Snap shot by William Karlsson.
18:28 of 2nd period - Shot Misses the Net.
18:34 of 2nd period - Snap shot by Ryan Strome.
18:34 of 2nd period - Stopped by Stuart Skinner with a rebound.
18:36 of 2nd period - Slapshot by Ryan Strome.
18:36 of 2nd period - Stopped by Stuart Skinner with a rebound.
18:42 of 2nd period - Minor Penalty to Lawson Crouse for Tripping.
18:43 of 2nd period - Evgeni Malkin wins face-off versus Anders Lee in Minnesota North Stars zone.
Goals for this period are 1 for Boston Bruins vs 1 for Minnesota North Stars.
Shots for this period are 13 for Boston Bruins vs 8 for Minnesota North Stars.
3rd period
0:01 of 3rd period - Alex Newhook wins face-off versus William Karlsson in neutral zone.
0:26 of 3rd period - Brandon Montour is hit by Michael Kesselring and loses puck.
0:42 of 3rd period - Penalty to Lawson Crouse is over, Lawson Crouse is back on ice.
0:48 of 3rd period - Icing by Rasmus Dahlin.
0:49 of 3rd period - William Karlsson wins face-off versus John-Jason Peterka in Minnesota North Stars zone.
1:04 of 3rd period - Valeri Nichushkin is hit by Jack Studnicka and loses puck.
1:22 of 3rd period - Wrist shot by Michael Rasmussen.
1:22 of 3rd period - Shot Blocked by Gustav Forsling.
1:24 of 3rd period - Snap shot by Michael Rasmussen.
1:24 of 3rd period - Deflect By Ryan Nugent-Hopkins.
1:24 of 3rd period - Stopped by Stuart Skinner without a rebound.
1:25 of 3rd period - Alex Newhook wins face-off versus William Karlsson in Minnesota North Stars zone.
1:34 of 3rd period - Snap shot by William Karlsson.
1:34 of 3rd period - Shot Misses the Net.
1:36 of 3rd period - Snap shot by Lawson Crouse.
1:36 of 3rd period - Stopped by Pyotr Kochetkov without a rebound.
1:37 of 3rd period - Ryan Nugent-Hopkins wins face-off versus Ryan Strome in Boston Bruins zone.
2:03 of 3rd period - Cam York is hit by Jack Hughes.
2:11 of 3rd period - Slapshot by Alex Newhook.
2:11 of 3rd period - Stopped by Stuart Skinner with a rebound.
2:15 of 3rd period - Slapshot by Anders Lee.
2:15 of 3rd period - Shot Hit the Post.
2:25 of 3rd period - Snap shot by Frank Vatrano.
2:25 of 3rd period - Stopped by Pyotr Kochetkov with a rebound.
2:37 of 3rd period - Wrist shot by Brock Nelson.
2:37 of 3rd period - Deflect By Lawson Crouse.
2:37 of 3rd period - Stopped by Pyotr Kochetkov with a rebound.
2:53 of 3rd period - Snap shot by Viktor Arvidsson.
2:53 of 3rd period - Shot Blocked by Aatu Raty.
3:06 of 3rd period - Icing by Nick Perbix.
3:07 of 3rd period - Aatu Raty wins face-off versus Ryan Nugent-Hopkins in Boston Bruins zone.
3:42 of 3rd period - Wrist shot by Alex Newhook.
3:42 of 3rd period - Shot Blocked by Dylan DeMelo.
3:44 of 3rd period - Slapshot by Alex Vlasic.
3:44 of 3rd period - Shot Blocked by Dylan DeMelo.
3:46 of 3rd period - Snap shot by Cam York.
3:46 of 3rd period - Shot Misses the Net.
4:02 of 3rd period - Snap shot by William Karlsson.
4:02 of 3rd period - Stopped by Pyotr Kochetkov without a rebound.
4:03 of 3rd period - Brock Nelson wins face-off versus Ryan Strome in Boston Bruins zone.
4:37 of 3rd period - Slapshot by William Karlsson.
4:37 of 3rd period - Stopped by Pyotr Kochetkov with a rebound.
4:39 of 3rd period - Slapshot by Brandon Montour.
4:39 of 3rd period - Deflect By Brock Nelson.
4:39 of 3rd period - Shot Misses the Net.
4:39 of 3rd period - Puck is out of play.
4:40 of 3rd period - Ryan Strome wins face-off versus Evgeni Malkin in Boston Bruins zone.
4:51 of 3rd period - Snap shot by Morgan Geekie.
4:51 of 3rd period - Goal by Morgan Geekie - Boston Bruins : 3 - Minnesota North Stars : 1.
4:52 of 3rd period - Ryan Strome wins face-off versus Jack Hughes in neutral zone.
6:10 of 3rd period - Snap shot by Angus Crookshank.
6:10 of 3rd period - Shot Blocked by Gustav Forsling.
6:51 of 3rd period - Icing by Nick Perbix.
6:52 of 3rd period - Ryan Nugent-Hopkins wins face-off versus Alex Newhook in Boston Bruins zone.
6:53 of 3rd period - Wrist shot by Yegor Sharangovich.
6:53 of 3rd period - Shot Misses the Net.
7:01 of 3rd period - Snap shot by Ryan Nugent-Hopkins.
7:01 of 3rd period - Stopped by Pyotr Kochetkov without a rebound.
7:02 of 3rd period - Michael Rasmussen wins face-off versus Ryan Nugent-Hopkins in Boston Bruins zone.
7:02 of 3rd period - Michael Rasmussen is hit by Rasmus Dahlin.
7:07 of 3rd period - Off-side.
7:08 of 3rd period - Frank Vatrano wins face-off versus Ryan Strome in neutral zone.
7:47 of 3rd period - Evan Rodrigues is hit by Alex Vlasic and loses puck.
8:04 of 3rd period - Snap shot by Alex Newhook.
8:04 of 3rd period - Stopped by Stuart Skinner without a rebound.
8:05 of 3rd period - Alex Newhook wins face-off versus Jack Hughes in Minnesota North Stars zone.
8:28 of 3rd period - Snap shot by Alex Newhook.
8:28 of 3rd period - Shot Blocked by Jack Hughes.
8:30 of 3rd period - Wrist shot by Anders Lee.
8:30 of 3rd period - Shot Blocked by Frank Vatrano.
8:32 of 3rd period - Slapshot by Tyson Barrie.
8:32 of 3rd period - Shot Misses the Net.
8:34 of 3rd period - Slapshot by Nick Perbix.
8:34 of 3rd period - Deflect By Jack Hughes.
8:34 of 3rd period - Stopped by Stuart Skinner with a rebound.
8:36 of 3rd period - Snap shot by Anders Lee.
8:36 of 3rd period - Deflect By Joel Farabee.
8:36 of 3rd period - Shot Misses the Net.
8:36 of 3rd period - Puck is out of play.
8:37 of 3rd period - Jack Studnicka wins face-off versus Ryan Nugent-Hopkins in Minnesota North Stars zone.
8:41 of 3rd period - Minor Penalty to Yegor Sharangovich for Hooking.
8:42 of 3rd period - William Karlsson wins face-off versus Alex Newhook in Minnesota North Stars zone.
8:50 of 3rd period - Neal Pionk is hit by Anders Lee and loses puck.
9:03 of 3rd period - Minor Penalty to Lawson Crouse for Roughing.
9:04 of 3rd period - Ryan Nugent-Hopkins wins face-off versus Alex Newhook in Minnesota North Stars zone.
9:19 of 3rd period - Wrist shot by Cam York.
9:19 of 3rd period - Shot Blocked by Rasmus Dahlin.
9:32 of 3rd period - Off-side.
9:33 of 3rd period - Ryan Nugent-Hopkins wins face-off versus Ryan Strome in neutral zone.
9:44 of 3rd period - Backhand shot by Michael Kesselring.
9:44 of 3rd period - Shot Blocked by Neal Pionk.
9:58 of 3rd period - Neal Pionk is hit by Michael Rasmussen and loses puck.
10:34 of 3rd period - Gustav Forsling is hit by Ryan Strome and loses puck.
10:41 of 3rd period - Penalty to Yegor Sharangovich is over, Yegor Sharangovich is back on ice.
11:03 of 3rd period - Penalty to Lawson Crouse is over, Lawson Crouse is back on ice.
11:21 of 3rd period - Snap shot by Jeff Skinner.
11:21 of 3rd period - Shot Misses the Net.
11:23 of 3rd period - Backhand shot by Jeff Skinner.
11:23 of 3rd period - Stopped by Pyotr Kochetkov without a rebound.
11:24 of 3rd period - Jack Hughes wins face-off versus Alex Newhook in Boston Bruins zone.
11:35 of 3rd period - Wrist shot by Valeri Nichushkin.
11:35 of 3rd period - Stopped by Pyotr Kochetkov without a rebound.
11:36 of 3rd period - Jack Hughes wins face-off versus Jack Studnicka in Boston Bruins zone.
11:41 of 3rd period - Snap shot by Valeri Nichushkin.
11:41 of 3rd period - Shot Blocked by Drew O'Connor.
11:47 of 3rd period - Snap shot by Valeri Nichushkin.
11:47 of 3rd period - Shot Misses the Net.
11:51 of 3rd period - Wrist shot by Jack Hughes.
11:51 of 3rd period - Deflect By Frank Vatrano.
11:51 of 3rd period - Shot Blocked by Cam York.
11:51 of 3rd period - Puck is out of play.
11:52 of 3rd period - Alex Newhook wins face-off versus Ryan Nugent-Hopkins in Boston Bruins zone.
11:52 of 3rd period - Alex Newhook is hit by Neal Pionk.
12:18 of 3rd period - Jack Studnicka is hit by William Karlsson and loses puck.
12:35 of 3rd period - Minor Penalty to John Ludvig for Tripping.
12:36 of 3rd period - Ryan Nugent-Hopkins wins face-off versus Alex Newhook in Boston Bruins zone.
13:03 of 3rd period - Rasmus Dahlin is hit by Cam York and loses puck.
14:35 of 3rd period - Penalty to John Ludvig is over, John Ludvig is back on ice.
14:48 of 3rd period - Snap shot by Viktor Arvidsson.
14:48 of 3rd period - Stopped by Pyotr Kochetkov with a rebound.
14:50 of 3rd period - Wrist shot by Evan Rodrigues.
14:50 of 3rd period - Shot Blocked by Tyson Barrie.
14:52 of 3rd period - Slapshot by Samuel Girard.
14:52 of 3rd period - Shot Misses the Net.
15:24 of 3rd period - Slapshot by Tyson Barrie.
15:24 of 3rd period - Stopped by Stuart Skinner with a rebound.
15:26 of 3rd period - Snap shot by Drew O'Connor.
15:26 of 3rd period - Stopped by Stuart Skinner with a rebound.
15:28 of 3rd period - Wrist shot by John-Jason Peterka.
15:28 of 3rd period - Stopped by Stuart Skinner without a rebound.
15:29 of 3rd period - Jack Hughes wins face-off versus Aatu Raty in Minnesota North Stars zone.
15:39 of 3rd period - Minor Penalty to John Ludvig for Delaying the game.
15:40 of 3rd period - William Karlsson wins face-off versus Joel Farabee in Boston Bruins zone.
15:50 of 3rd period - Snap shot by Valeri Nichushkin.
15:50 of 3rd period - Stopped by Pyotr Kochetkov with a rebound.
15:52 of 3rd period - Slapshot by Neal Pionk.
15:52 of 3rd period - Stopped by Pyotr Kochetkov without a rebound.
15:53 of 3rd period - Ryan Nugent-Hopkins wins face-off versus Ryan Strome in Boston Bruins zone.
16:30 of 3rd period - Slapshot by Jack Hughes.
16:30 of 3rd period - Goal by Jack Hughes - Boston Bruins : 3 - Minnesota North Stars : 2.
16:31 of 3rd period - William Karlsson wins face-off versus Jack Studnicka in neutral zone.
16:56 of 3rd period - John Ludvig is hit by Evgeni Malkin and loses puck.
17:20 of 3rd period - Off-side.
17:21 of 3rd period - Valeri Nichushkin wins face-off versus Alex Newhook in neutral zone.
17:26 of 3rd period - Snap shot by Jack Hughes.
17:26 of 3rd period - Stopped by Pyotr Kochetkov with a rebound.
17:28 of 3rd period - Slapshot by Neal Pionk.
17:28 of 3rd period - Shot Blocked by Cam York.
17:30 of 3rd period - Snap shot by Valeri Nichushkin.
17:30 of 3rd period - Stopped by Pyotr Kochetkov with a rebound.
17:51 of 3rd period - Valeri Nichushkin is hit by Joel Farabee and loses puck.
18:02 of 3rd period - Snap shot by Joel Farabee.
18:02 of 3rd period - Shot Misses the Net.
18:04 of 3rd period - Slapshot by Alex Vlasic.
18:04 of 3rd period - Stopped by Stuart Skinner with a rebound.
18:06 of 3rd period - Snap shot by Joel Farabee.
18:06 of 3rd period - Stopped by Stuart Skinner without a rebound.
18:07 of 3rd period - Ryan Nugent-Hopkins wins face-off versus Jack Studnicka in Minnesota North Stars zone.
18:36 of 3rd period - Minnesota North Stars, Stuart Skinner is pulled from the net.
18:36 of 3rd period - Snap shot by Brock Nelson.
18:36 of 3rd period - Shot Misses the Net.
18:38 of 3rd period - Snap shot by William Karlsson.
18:38 of 3rd period - Stopped by Pyotr Kochetkov with a rebound.
18:40 of 3rd period - Slapshot by Lawson Crouse.
18:40 of 3rd period - Shot Misses the Net.
18:42 of 3rd period - Snap shot by Brock Nelson.
18:42 of 3rd period - Shot Misses the Net.
18:44 of 3rd period - Slapshot by Rasmus Dahlin.
18:44 of 3rd period - Stopped by Pyotr Kochetkov without a rebound.
18:45 of 3rd period - John Tortorella call a timeout for Minnesota North Stars.
18:45 of 3rd period - Alex Newhook wins face-off versus William Karlsson in Boston Bruins zone.
18:55 of 3rd period - Off-side.
18:56 of 3rd period - Alex Newhook wins face-off versus William Karlsson in neutral zone.
19:11 of 3rd period - Wrist shot by Frank Vatrano.
19:11 of 3rd period - Shot Blocked by Alex Vlasic.
19:14 of 3rd period - Icing by Alex Newhook.
19:15 of 3rd period - Alex Newhook wins face-off versus William Karlsson in Boston Bruins zone.
19:31 of 3rd period - Snap shot by Valeri Nichushkin.
19:31 of 3rd period - Stopped by Pyotr Kochetkov with a rebound.
19:54 of 3rd period - Snap shot by Joel Farabee.
19:54 of 3rd period - Goal by Joel Farabee - Boston Bruins : 4 - Minnesota North Stars : 2.
19:54 of 3rd period - Stuart Skinner from Minnesota North Stars was sent back in the game.
19:55 of 3rd period - Ryan Nugent-Hopkins wins face-off versus Jack Studnicka in neutral zone.
Goals for this period are 2 for Boston Bruins vs 1 for Minnesota North Stars.
Shots for this period are 11 for Boston Bruins vs 17 for Minnesota North Stars.
Back to the Top